 Dungeon Crawl Stone Soup version 0.27-a0-385-g3208abaabc (webtiles) character file.

Game seed: 12642535152144083527

83 sahdkjhfkaj the Gusty (level 4, -7/49 HPs)
             Began as a Demigod Air Elementalist on Feb 18, 2021.
             Blown up by Ijyb (24 damage)
             ... with a mindburst bolt
             ... on level 3 of the Dungeon.
             The game lasted 00:13:15 (2570 turns).

sahdkjhfkaj the Gusty (Demigod Air Elementalist)    Turns: 2570, Time: 00:13:16

Health: -7/49      AC: 22    Str:  9    XL:     4   Next: 2%
Magic:  7/10       EV:  2    Int: 21    God:
Gold:   130        SH:  0    Dex: 14    Spells: 1/7 levels left

rFire    . . .     SeeInvis .   (no weapon)
rCold    . . .     Faith    .   (no shield)
rNeg     + + +     Spirit   .   (armour currently unavailable)
rPois    +         Reflect  .   (helmet currently unavailable)
rElec    .         Harm     .   (cloak currently unavailable)
rCorr    +         Rampage  .   (gloves currently unavailable)
Will     .....     NoTele   +   (boots currently unavailable)
Stlth    ++........             (no amulet)
HPRegen  0.16/turn              r - ring of resist corrosion
MPRegen  0.12/turn              (no ring)

@: lethally poisoned (-7 -> -38), sluggish, tree-form, very slow
A: high mp 1
a: no special abilities


You were on level 3 of the Dungeon.
You were a tree.
You visited 1 branch of the dungeon, and saw 3 of its levels.

You collected 130 gold pieces.

Inventory:

Hand Weapons
 a - a +2 short sword of venom
Armour
 m - a +0 robe (melded)
Jewellery
 r - a ring of resist corrosion (left branch)
Scrolls
 b - a scroll of fog
 e - 2 scrolls of teleportation {@r3}
 n - a scroll of enchant armour {unknown}
 p - a scroll of amnesia {unknown}
Potions
 c - a potion of lignification
 d - a potion of resistance {@q6}
 k - a potion of ambrosia {unknown}
 l - a potion of might {unknown}
 o - a potion of attraction {unknown}


   Skills:
 - Level 1.7 Dodging
 - Level 1.7 Stealth
 + Level 2.4 Spellcasting
 - Level 3.0 Conjurations
 - Level 3.0 Air Magic


You had one spell level left.
You knew the following spells:

 Your Spells              Type           Power        Failure   Level
a - Shock                 Conj/Air       60%          4%          1
D - Static Discharge      Conj/Air       15%          12%         3
S - Swiftness             Air            15%          6%          2

Your spell library contained the following spells:

 Spells                   Type           Power        Failure   Level
 Airstrike                Air            7%           38%         4
 Lightning Bolt           Conj/Air       7%           75%         5


Dungeon Overview and Level Annotations

Branches:
Dungeon (3/15)

Annotations:
D:3 Ijyb


Innate Abilities, Weirdness & Mutations

You have an increased reservoir of magic. (+10% MP)


Message History

Throw: 2 throwing nets {!f}
Press: ? - help, Shift-Dir - straight line, f - Ijyb
Aim: Ijyb, wielding a +2 dagger of venom, wearing a +0 chain mail and carrying a wand of mindburst (10) (moderately wounded, 57% to hit)
You throw a throwing net {!f}.
The throwing net {!f} closely misses Ijyb.
Ijyb screams, "Me kill you!" Ijyb hits you but does no damage.
You are more poisoned.
Aiming: Shock (safe; 4% risk of failure)
Press: ? - help, Q - select action, (/) - cycle Shift-Dir - straight line, f/p - Ijyb
Aim: Ijyb, wielding a +2 dagger of venom, wearing a +0 chain mail and carrying a wand of mindburst (10) (moderately wounded, 29% to evade)
Okay, then.
Throw: throwing net {!f}
Press: ? - help, Shift-Dir - straight line, f/p - Ijyb
Aim: Ijyb, wielding a +2 dagger of venom, wearing a +0 chain mail and carrying a wand of mindburst (10) (moderately wounded, 57% to hit)
You throw a throwing net {!f}.
The throwing net {!f} closely misses Ijyb.
You feel sick. Ijyb hits you but does no damage.
You hit Ijyb but do no damage.
Ijyb is moderately wounded.
You start to feel a little faster.
You feel sick. Ijyb hits you but does no damage.
You are more poisoned.
You hit Ijyb.
Ijyb is moderately wounded.
You feel sick. Ijyb hits you but does no damage.
You are lethally poisoned!
You hit Ijyb but do no damage.
Ijyb is moderately wounded.
You feel very sick. Ijyb hits you but does no damage.
You hit Ijyb.
Ijyb is heavily wounded.
You feel sick. Ijyb hits you but does no damage.
You are more poisoned.
You hit Ijyb.
Ijyb is heavily wounded.
You feel very sick.
Ijyb zaps a wand.
Your mind is blasted!
You die...

..# ###..# ..#
######..# ..#
#....#..#####
..########....#......#
........##....+..###.#
#######'##....#.)#<#.#
#####.........#..#.#.#
............#....#.#.#
............###.♣#.#.#
......#..##.....g..#.#
......##.#........##.#
......##.#........'..#
....(.##.#......(.####
......##..#####.###
.[....###.#####'###
......# #.........#
......####........#


You could see Ijyb.

Vanquished Creatures
  An adder (D:2)
  An ooze (D:2)
  A worm (D:2)
  5 dart slugs
  3 leopard geckos
  An orc (D:3)
  3 giant cockroaches
  8 goblins
  6 hobgoblins
  2 jackals (D:2)
  4 kobolds
  A quokka (D:3)
  A ball python (D:3)
  5 bats
  7 frilled lizards
  5 rats
54 creatures vanquished.

Notes
Turn   | Place    | Note
-------+----------+-------------------------------------------
     0 | D:1      | sahdkjhfkaj the Demigod Air Elementalist began the quest
                  | for the Orb.
     0 | D:1      | Reached XP level 1. HP: 14/14 MP: 5/5
    46 | D:1      | Reached skill level 1 in Conjurations
   420 | D:1      | Reached XP level 2. HP: 18/20 MP: 0/7
   852 | D:1      | Learned a level 2 spell: Swiftness
  1151 | D:2      | Reached XP level 3. HP: 25/26 MP: 0/8
  1485 | D:2      | Learned a level 3 spell: Static Discharge
  1613 | D:2      | Found a hazy altar of Hepliaklqana.
  2381 | D:3      | Reached XP level 4. HP: 33/33 MP: 8/10
  2475 | D:3      | Noticed Ijyb
  2570 | D:3      | Blown up by Ijyb

Illustrated notes

Levels and vault maps discovered:
D:1:      nagdon_arrival_zigzag_paths, layout_basic
D:2:      wander_river, layout_basic, nzn_hepliaklqana_mist_gate,
          skrybe_limestone_x, minmay_misc_feat_diagonals, minmay_cut_off
D:3:      layout_basic, uniq_ijyb

Skill      XL: |  1  2  3 |
---------------+----------+-----
Conjurations   | 2 3 |  3.0
Spellcasting   | 2 |  2.4
Air Magic      | 3 |  3.0
Dodging        | |  1.7
Stealth        | |  1.7

Action                   |  1- 3 |  4- 6 || total
-------------------------+-------+-------++-------
Melee: Spear             |     1 |       ||     1
       Unarmed           |       |     6 ||     6
Throw: Throwing net      |       |     2 ||     2
 Cast: Shock             |    95 |     8 ||   103
       Swiftness         |       |     1 ||     1
       Static Discharge  |       |     1 ||     1
  Use: Scroll            |     2 |     4 ||     6
       Potion            |     1 |     2 ||     3
Armor: Skin              |       |     5 ||     5
Dodge: Dodged            |    15 |     2 ||    17

Table legend: (Time is in decaauts)
 A = Elapsed time spent in this place.
 B = Non-inter-level travel time spent in this place.
 C = Inter-level travel time spent in this place.
 D = Time resting spent in this place.
 E = Time spent auto-exploring this place.
 F = Levels seen in this place.
 G = Mean time per level.
                   A        B        C        D        E       F      G
               +--------+--------+--------+--------+--------+-----+--------+
         Total |   2582 |   2443 |    139 |    188 |   1711 |   3 |  860.7 |
       Dungeon |   2582 |   2443 |    139 |    188 |   1711 |   3 |  860.7 |
               +--------+--------+--------+--------+--------+-----+--------+

Top non-repeatable levels by time:
     D:2: 1092 daAuts
     D:1: 856 daAuts
     D:3: 634 daAuts
